[Event "*** Titled Tuesday Blitz"]
[Site "Chess.com"]
[Date "2018.07.03"]
[Round "8"]
[White "Martins-BR"]
[Black "Keures"]
[Result "0-1"]
[WhiteElo "2296"]
[BlackElo "2155"]
[TimeControl "180+2"]
[EndTime "14:46:49 PDT"]
[Termination "Keures won by resignation"]

1. e4 e6 2. d4 d5 3. Nc3 Bb4 4. e5 b6 5. Qg4 Bf8 6. Nf3 Qd7 7. Bg5 a5 8. a3 Ba6 9. Bxa6 Nxa6 10. O-O Ne7 11. h4 h5 12. Qf4 Nf5 13. Rad1 Be7 14. Bxe7 Qxe7 15. Nxd5 exd5 16. Qxf5 g6 17. Qf4 O-O-O 18. Ng5 Rhf8 19. Rde1 f6 20.
exf6 Qxf6 21. Qxf6 Rxf6 22. g3 Nb8 23. Re7 Nc6 24.
Re6 Rxe6 25. Nxe6 Re8 26. Nf4 Nxd4 27. Nxd5 c6 28. Ne3 Kc7 29. Rd1 c5 30. c3 Nf3+ 31. Kg2 Ne5 32. Nd5+ Kc6 33. Nf4 Nc4 34. Rb1 Rg8 35.
a4 g5 36. hxg5 Rxg5 37. b3 Nd2 38. Rb2 Ne4 39. Re2 Nxc3 40. Re6+ Kc7 41. Rh6 Kb7 42. Rxh5 Rxh5 43. Nxh5 b5 44. axb5 Nxb5 45. g4 c4 46.
bxc4 a4 47. Nf4 a3 48. Nd3 a2 49. Nc5+ Kc6 50. Nb3 Nd6 51. c5 Ne4 52. f4 Nxc5 53. Na1 Kd5 54. Kf3 Nd3 55. g5 Ke6 56. Ke4 Nf2+ 57.
Ke3 Nh3 58. g6 Kf6 59. f5 Ng5 60. Kf4 Nh3+ 61. Ke4 Ng5+ 62. Kf4 Nh3+ 63. Kg4 Nf2+ 64. Kh5 Ne4 65. Kh6 Nd6 66. Kh7 Nxf5 67. Nb3 Ng7 68. Na1 Ne6 69. Kh6 Ng7 70. Nb3 Nf5+ 71. Kh7 Ng7 72. Kh6 Ne6 73. Na1 Ke7 74. Nb3 Kd6 75.
g7 Nxg7 76. Kxg7 Kd5 77. Kf6 Kc4 78. Na1 Kc3 79. Ke5 Kb2 80. Kd4 Kxa1 0-1

[Event "*** Titled Tuesday Blitz"]
[Site "Chess.com"]
[Date "2018.07.03"]
[Round "8"]
[White "kuli4ik"]
[Black "David_Paravyan"]
[Result "0-1"]
[WhiteElo "2746"]
[BlackElo "2725"]
[TimeControl "180+2"]
[EndTime "14:46:53 PDT"]
[Termination "David_Paravyan won on time"]

1. d4 Nf6 2. Bg5 c5 3. d5 e5 4. Nc3 d6 5. e4 Be7 6. Bb5+ Nbd7 7. Be3 a6 8. Bxd7+ Bxd7 9. f3 b5 10. Nge2 O-O 11. O-O b4 12. Nb1 a5 13. Nd2 Bb5 14.
Rf2 Ne8 15. c4 Ba6 16. g4 g6 17.
Rg2 Ng7 18. Qc2 Kh8 19. Kh1 Bg5 20. Qd3 h6 21. Rag1 a4 22. Nf1 Ra7 23. Bf2 Bc8 24. h3 f5 25. gxf5 gxf5 26. h4 Bxh4 27. Qd2 Bg5 28.
Be3 f4 29. Bf2 Ne8 30. Rh2 Rh7 31. Rgg2 Nf6 32. Ng1 Bd7 33. Nh3 Rg8 34. Qe2 Rgg7 35. Nd2 Qc8 36. Ng1 Kg8 37. Qe1 Kf8 38. Bh4 Ke8 39. Bf2 Kd8 40. Qd1 Kc7 41. Qe1 Kb7 42.
a3 b3 43. Nb1 Qa8 44. Nc3 Qa6 45. Qf1 Kc8 46. Qe2 Kb7 47. Qd3 h5 48. Nh3 Bh6 49. Ng1 Rxg2 50. Rxg2 Rg7 51. Bh4 Rxg2 52. Kxg2 Ne8 53.
Nge2 Nc7 54. Ng1 Na8 55. Nb5 Bf8 56. Ne2 Nb6 57. Nec3 Qa5 58. Qf1 Qa8 59. Kh2 Qe8 60. Qe2 Be7 61. Bf2 Qg6 62. Qf1 h4 63. Be1 h3 64. Bf2 Nxc4 0-1

[Event "*** Titled Tuesday Blitz"]
[Site "Chess.com"]
[Date "2018.07.03"]
[Round "8"]
[White "MITerryble"]
[Black "joppie2"]
[Result "1/2-1/2"]
[WhiteElo "2725"]
[BlackElo "2733"]
[TimeControl "180+2"]
[EndTime "14:46:54 PDT"]
[Termination "Game drawn - insufficient material"]

1. d4 d5 2. Nf3 Nf6 3. c4 e6 4.
e3 dxc4 5. Bxc4 c5 6. O-O Nc6 7.
dxc5 Qxd1 8. Rxd1 Bxc5 9. a3 O-O 10. b4 Be7 11. Bb2 Bd7 12. Nbd2 Rfd8 13. Be2 a6 14. Nc4 Be8 15. Nb6 Rxd1+ 16. Rxd1 Rd8 17. Rxd8 Bxd8 18. Nc4 Kf8 19. Nfe5 Nxe5 20. Bxe5 Bb5 21. Kf1 Ne4 22. Ke1 f6 23. Bb2 Bc7 24. g3 Ke7 25. f3 Ng5 26.
Kf2 Nf7 27. Bd4 Kd7 28. e4 Nd8 29. Ke3 Nc6 30. Bc5 Ne5 31. Nxe5+ Bxe5 32. Bxb5+ axb5 33.
Bd4 Bc7 34. f4 Kc6 35. h3 Kd7 36. g4 Ke7 37. f5 Kf7 38. Kf3 Bd6 39. Ke3 Bg3 40. Kd3 Bf4 41. Kc2 Ke7 42. Kb3 Kd6 43. a4 exf5 44. gxf5 Be5 45. Bc5+ Kc6 46. axb5+ Kxb5 47. Be7 g5 48. fxg6 hxg6 49. Bf8 Bd4 50. Be7 Ba1 51.
Bf8 Be5 52. Be7 Kc6 53. Kc4 b5+ 54. Kd3 Kd7 55. Bc5 Ke6 56. Ke3 Bc3 57. Kd3 Be1 58.
Ke2 Bg3 59. Kd3 Bf4 60. Kd4 Bd6 61. Kd3 Bxc5 62. bxc5 Kd7 63. h4 Kc6 64. Kd4 b4 65. Kc4 b3 66. Kxb3 Kxc5 67. Kc3 Kc6 68. Kc4 Kd6 69. Kd4 Ke6 70. Kd3 Kf7 71. Ke3 Kg7 72.
Kf4 Kh7 73. e5 Kg7 74. exf6+ Kxf6 75. Kg4 Kf7 76. Kg5 Kg7 77. h5 gxh5 78. Kxh5 1/2-1/2

[Event "*** Titled Tuesday Blitz"]
[Site "Chess.com"]
[Date "2018.07.03"]
[Round "8"]
[White "Kimster98"]
[Black "QDcoach"]
[Result "1/2-1/2"]
[WhiteElo "2515"]
[BlackElo "2654"]
[TimeControl "180+2"]
[EndTime "14:46:59 PDT"]
[Termination "Game drawn by agreement"]

1. d4 Nf6 2. c4 e6 3. Nf3 Bb4+ 4. Bd2 Qe7 5. g3 O-O 6. Bg2 Bxd2+ 7. Qxd2 d6 8. Nc3 e5 9. e4 Bg4 10. Nd5 Nxd5 11.
cxd5 Bxf3 12. Bxf3 c6 13. dxe5 Qxe5 14. dxc6 bxc6 15.
O-O c5 16. Rfd1 Rd8 17. Qd5 Qxd5 18. Rxd5 Nc6 19. Rad1 Nd4 20. Bg2 Rab8 21. b3 Kf8 22. Kf1 a5 23. e5 dxe5 24. Rxc5 a4 25. Rxe5 axb3 26. axb3 Nxb3 27. Rxd8+ Rxd8 28. Rd5 Re8 29. Bf3 g6 30. Rd7 Nc5 31. Rc7 Ne6 32. Ra7 Rd8 33.
Ra8 Rxa8 34. Bxa8 Ke7 35. h4 h6 36. Kg2 Nd4 37. Bd5 Kf6 38. Bc4 Nf5 39. Bd5 Nd6 40.
Bb3 Ke5 41. Bc2 f5 42. Bd3 Kd4 43. Bc2 Ke5 44. Bd3 Ne8 45. Bc2 Nf6 46. Bb1 Nd5 47.
Ba2 Nb4 48. Bf7 Kf6 49. Bc4 Nc6 50. Bd5 Ne5 51. Bb3 Nd7 52. Ba4 Nc5 53. Bc6 Ke5 54. Be8 Kf6 55. Bc6 Ne6 56. Bd5 Nd4 57. Bc4 Nc6 58. Bd5 Ne7 59. Bc4 Ke5 60. Bf7 Kd4 61. Be8 Ke4 62. Bf7 f4 63. Bb3 Ke5 64. Kf3 Nf5 65. Bf7 Kf6 66. Be8 fxg3 67. fxg3 Nd6 68.
Bc6 Ke5 69. Ba4 Nf5 70. Be8 Kf6 71. Kf4 Nd6 72. Bc6 Nc4 73. Be4 Ne5 74. Bc2 g5+ 75. hxg5+ hxg5+ 76. Ke4 Ng4 77. Kf3 Ne5+ 78. Ke4 Nf7 79. Kf3 Ke5 80. Kg4 Kf6 81. Kf3 Nd8 82. Bb3 Nc6 83. Ke4 Ne5 84. Bd1 Nf7 85. Bh5 Nd6+ 86. Kf3 Kf5 87. Bg4+ Ke5 88. Bd7 Ne4 89. Kg4 Kf6 90. Kf3 Nc5 91. Bb5 Nb3 92. Bd3 Nd4+ 93. Ke4 Nf5 94. Kf3 Ke5 95. Bxf5 Kxf5 96.
g4+ Ke5 97. Ke3 1/2-1/2

[Event "*** Titled Tuesday Blitz"]
[Site "Chess.com"]
[Date "2018.07.03"]
[Round "8"]
[White "kungmongmanh"]
[Black "djamir"]
[Result "1/2-1/2"]
[WhiteElo "2490"]
[BlackElo "2590"]
[TimeControl "180+2"]
[EndTime "14:47:12 PDT"]
[Termination "Game drawn - insufficient material"]

1. d4 Nf6 2. c4 e6 3. Nc3 Bb4 4. Qc2 O-O 5. Nf3 c5 6. dxc5 Na6 7. a3 Bxc3+ 8. Qxc3 Nxc5 9. Bf4 b6 10. e3 Bb7 11. Be2 Rc8 12. O-O d5 13. Rfd1 Qe7 14.
Bg5 Nce4 15. Bxf6 Nxf6 16. Qb4 Rfe8 17. Qxe7 Rxe7 18. cxd5 Nxd5 19. Rac1 Rxc1 20. Rxc1 Rc7 21. Rxc7 Nxc7 22. Nd4 e5 23. Nf5 Ne6 24. Nd6 Nd8 25. Nb5 Ba6 26. Nc3 Bxe2 27. Nxe2 Kf8 28. Kf1 Ke7 29.
Ke1 Kd6 30. Kd2 Kc5 31. Kc3 a5 32. b4+ axb4+ 33. axb4+ Kd5 34. f3 f5 35. Ng3 f4 36.
e4+ Kc6 37. Nf5 g6 38. Ne7+ Kd6 39. Nd5 b5 40. Nf6 Ne6 41. Nxh7 Ke7 42. h4 Nd4 43.
Ng5 Ne2+ 44. Kd3 Nd4 45. Nh3 Nc6 46. Kc3 Ke6 47. Nf2 Kd6 48. Nd3 Nd8 49. Kd2 Nc6 50. Ke2 Ke6 51. Kf2 Kf6 52. g3 fxg3+ 53. Kxg3 Nd4 54. Kg4 Nc2 55. f4 exf4 56. Kxf4 Ke6 57. Kg5 Kf7 58. Ne5+ Kg7 59. Nc6 Kf7 60. Ne5+ Kg7 61.
Nxg6 Nxb4 62. h5 Nc6 63. h6+ Kh7 64. Nf8+ Kg8 65. Nd7 b4 66. Nc5 Nd4 67. Kg6 b3 68. Nd3 Ne6 69. Nb2 Kh8 70. e5 Nc5 71. Nc4 Nd7 72. Kf5 Nxe5 73. Kxe5 Kh7 74. Kd4 Kxh6 75. Kc3 b2 76. Kxb2 1/2-1/2

[Event "*** Titled Tuesday Blitz"]
[Site "Chess.com"]
[Date "2018.07.03"]
[Round "8"]
[White "26andrej26"]
[Black "BasilSmash"]
[Result "1-0"]
[WhiteElo "2416"]
[BlackElo "2428"]
[TimeControl "180+2"]
[EndTime "14:47:27 PDT"]
[Termination "26andrej26 won on time"]

1. e4 c6 2. Nc3 d5 3. d4 dxe4 4. Nxe4 Bf5 5. Ng3 Bg6 6. h4 h6 7. Nf3 e6 8. Ne5 Bh7 9. Bd3 Bxd3 10. Qxd3 Nd7 11. Qe2 Ngf6 12. Bd2 Qb6 13. O-O-O Qxd4 14. Nxd7 Qxd7 15. Bxh6 Qc7 16. Bg5 Be7 17. Kb1 a5 18.
c4 a4 19. h5 a3 20. b3 Qa5 21. f4 Nd7 22. Bxe7 Kxe7 23. Qd3 Qc7 24. f5 e5 25. f6+ Nxf6 26. Nf5+ Kf8 27. Qg3 Rh7 28. h6 gxh6 29.
Rxh6 Qc8 30. Qg5 Qxf5+ 31. Qxf5 Rxh6 32. g4 Rg6 33. g5 Nh7 34. Rh1 Kg8 35. Rh6 Rg7 36.
g6 fxg6 37. Rxg6 Rxg6 38. Qxg6+ Kh8 39. Qe6 Rf8 40. Qxe5+ Kg8 41. Qe6+ Rf7 42. b4 Nf6 43. Kc2 Kf8 44. Kb3 Nd7 45. Kxa3 Nb6 46. c5 Nd5 47.
Qc8+ Kg7 48. Ka4 Kf6 49. a3 Ke5 50. Qh3 Re7 51. Qg3+ Kd4 52. Qh4+ Kc3 53. Ka5 Kb3 54. Qg3+ Kc4 55. Qg4+ Kb3 56. Qd1+ Kc4 57. Qc2+ Kd4 58. Qd2+ Kc4 59. Qa2+ Kd4 60. Qa1+ Kc4 61. Qf1+ Kd4 62.
Ka4 Nc3+ 63. Kb3 Nd5 64. Ka4 Nc3+ 65. Kb3 Nd5 66. Qf2+ Kd3 67. Qf1+ Kd4 68. Qg1+ Kd3 69. a4 Re3 70. b5 Re4 71. bxc6 bxc6 72. Qg6 Kd4 73.
Qxc6 Re3+ 74. Kb2 Re2+ 75. Kc1 Rc2+ 76. Kd1 Ne3+ 77. Ke1 Ng2+ 78. Kf1 Ne3+ 79. Ke1 Ng2+ 80. Kf1 1-0

[Event "*** Titled Tuesday Blitz"]
[Site "Chess.com"]
[Date "2018.07.03"]
[Round "8"]
[White "WPWPWP-2015"]
[Black "simplerXiao"]
[Result "1-0"]
[WhiteElo "2393"]
[BlackElo "2320"]
[TimeControl "180+2"]
[EndTime "14:47:28 PDT"]
[Termination "WPWPWP-2015 won by resignation"]

1. e4 c5 2. Nf3 e6 3. d4 cxd4 4. Nxd4 Nc6 5. Nc3 Qc7 6. Be2 a6 7. O-O Nf6 8. Be3 h5 9. Nxc6 bxc6 10. f4 Rb8 11. Bd4 c5 12. Be5 d6 13. Bxf6 gxf6 14. Bxh5 Rxb2 15. f5 c4 16. Kh1 Qa5 17. Nb1 Rb4 18.
c3 Rb8 19. Nd2 Qxc3 20. Rc1 Qd3 21. Rf3 Qd4 22. Rxc4 Qe5 23. Rh3 Rg8 24. Nf3 Qb5 25.
Rc1 exf5 26. Nd4 Qe5 27. Nxf5 Be6 28. Re3 Rb2 29. Re2 Rxe2 30. Qxe2 Rg5 31. Bf3 Bxf5 32. exf5 Qxe2 33. Bxe2 Rxf5 34. Bxa6 Ra5 35. Bc4 d5 36. Bb3 Bh6 37. Rd1 d4 38. Rxd4 Rc5 39.
g3 Kf8 40. Kg2 Rc7 41. h4 Be3 42. Rd3 Bb6 43. Rd8+ Kg7 44. Rb8 Ba7 45. Rd8 Bb6 46. Rd3 Ra7 47. a4 Ra5 48. Kf3 Rf5+ 49. Kg4 Rc5 50.
Bd5 Ba5 51. h5 Rc7 52. Kh3 Bc3 53. Bf3 Be5 54. a5 Rc5 55. Ra3 Bb8 56. a6 Ba7 57. Ra4 f5 58. Rb4 Rc7 59. Rb5 Kf6 60. Be2 Be3 61.
Bd3 f4 62. gxf4 Rc3 63. Rf5+ Ke6 64. Be4 Bxf4+ 65. Kg4 Bb8 66. Bd5+ Kd6 67. Bxf7 Ke7 68. Bd5 Rg3+ 69. Kh4 Rd3 70. h6 Rd2 71. Kg4 Rh2 72. Rh5 Rxh5 73. Kxh5 Kf6 74. Bc4 Ba7 75. Bd3 Bb6 76.
Bh7 Ba7 77. Bg8 Bb6 78. Bh7 Ba7 79. Bg6 Bb6 80. Be8 Ba7 81. Kg4 Bb6 82. Kf4 Ba7 83. Ke4 Bb8 84. Bh5 Ba7 85. Kd5 Bb8 86. Kc6 Ba7 87. Kd7 Be3 88. Ke8 Kg5 89. h7 Bd4 90.
Bd1 Kg6 91. h8=Q Bxh8 92. a7 1-0

[Event "*** Titled Tuesday Blitz"]
[Site "Chess.com"]
[Date "2018.07.03"]
[Round "8"]
[White "florianschwabeneder"]
[Black "dachessmandan"]
[Result "1-0"]
[WhiteElo "2478"]
[BlackElo "2421"]
[TimeControl "180+2"]
[EndTime "14:48:28 PDT"]
[Termination "florianschwabeneder won by checkmate"]

1. b3 Nf6 2. Bb2 d5 3. e3 g6 4. d4 Bg7 5. Nf3 O-O 6. Be2 Bg4 7. Nbd2 c6 8. O-O Nbd7 9. h3 Bxf3 10. Nxf3 Qc7 11. c4 Rfe8 12. Rc1 Qa5 13. a3 Ne4 14.
b4 Qd8 15. Qb3 Nb6 16. cxd5 Nxd5 17. Rfd1 Bh6 18. Ne5 Qd6 19. b5 Nxf2 20. Kxf2 Qf6+ 21. Kg1 Bxe3+ 22. Kh1 Qf2 23. Bf3 Bxc1 24. Bxc1 e6 25. bxc6 bxc6 26. Nxc6 Rac8 27. Ne5 Nc3 28. Rg1 Qxd4 29.
Ng4 h5 30. Be3 Qg7 31. Nf2 Nd5 32. Bxa7 Rc3 33. Qb2 Rc7 34. Qxg7+ Kxg7 35. Bd4+ e5 36. Bb2 Nf4 37. Re1 f6 38. Rd1 Rc2 39. Rd7+ Kh6 40. Ne4 Rxb2 41. Nxf6 Rf8 42. Ne4 Rb1+ 43. Kh2 Rb3 44.
h4 Ne6 45. a4 Rb4 46. Re7 Rb6 47. a5 Ra6 48. Be2 Rxa5 49. Rxe6 Ra4 50. Bf3 Ra7 51.
Rxe5 Raf7 52. Kg3 Rf5 53. Re7 R5f7 54. Re6 Rg7 55. Ng5 Rc8 56. Re3 Rb8 57. Rc3 Re7 58. Rc6 Rg7 59. Ne6 Re7 60. Nf4 Rg7 61. Bxh5 Rb3+ 62.
Bf3 Ra3 63. h5 Ra4 64. Nxg6 Kg5 65. Rc5+ Kh6 66. Kh2 Rb4 67. Ne5 Kh7 68. Nd3 Rd4 69.
Nf2 Rh4+ 70. Kg1 Rf4 71. Kf1 Rd4 72. Ke2 Rd6 73. Be4+ Kh6 74. g4 Re6 75. Kf3 Rf6+ 76. Bf5 Re7 77. Ne4 Rff7 78. Rc6+ Kg7 79. Kf4 Re8 80.
Kg5 Ref8 81. h6+ Kh8 82. Nf6 Re7 83. Nh5 Ref7 84. Bg6 Rg8 85. Ng7 Rgf8 86. Bxf7 Rxf7 87. Nf5 Rf8 88. Kf4 Re8 89. g5 Kh7 90. g6+ Kh8 91. Rc7 Rg8 92. Rh7# 1-0

[Event "*** Titled Tuesday Blitz"]
[Site "Chess.com"]
[Date "2018.07.03"]
[Round "9"]
[White "dachessmandan"]
[Black "Sordis"]
[Result "1-0"]
[WhiteElo "2426"]
[BlackElo "2260"]
[TimeControl "180+2"]
[EndTime "14:52:45 PDT"]
[Termination "dachessmandan won by resignation"]

1. e4 c5 2. Nf3 d6 3. d4 cxd4 4. Nxd4 Nf6 5. Nc3 g6 6. Bc4 Bg7 7. Bb3 O-O 8. f3 Nc6 9. Be3 Bd7 10. Qd2 Ne5 11. O-O-O Rc8 12. Kb1 Nc4 13. Bxc4 Rxc4 14. h4 h5 15. g4 hxg4 16. h5 Nxh5 17. fxg4 Rxc3 18. gxh5 Rxe3 19. Qxe3 Bg4 20. Rdg1 gxh5 21. Nf5 Qb6 22. Qxb6 axb6 23. Nxg7 Kxg7 24. Rxh5 Kg6 25.
Rh4 f5 26. exf5+ Kxf5 27. Rf1+ Kg5 28. Rxg4+ 1-0

[Event "*** Titled Tuesday Blitz"]
[Site "Chess.com"]
[Date "2018.07.03"]
[Round "9"]
[White "Flawless2018"]
[Black "jacky72"]
[Result "1-0"]
[WhiteElo "2430"]
[BlackElo "2601"]
[TimeControl "180+2"]
[EndTime "14:52:53 PDT"]
[Termination "Flawless2018 won by resignation"]

1. e4 e5 2. Nf3 Nc6 3. Bc4 Bc5 4. c3 Nf6 5. d4 exd4 6. cxd4 Bb4+ 7. Bd2 Nxe4 8. Bxb4 Nxb4 9. Bxf7+ Kxf7 10. Qb3+ d5 11.
Qxb4 Rf8 12. Nc3 Nxc3 13. Qxc3 Kg8 14. O-O c6 15. Ne5 Bf5 16. Rfe1 Qg5 17. a4 Rf6 18. Re3 Raf8 19. Rg3 Qh5 20. b4 Bc8 21. Re1 Rxf2 22. b5 Qe2 23. Qa1 R2f4 24. Rxe2 Rf1+ 25. Qxf1 Rxf1+ 26. Kxf1 1-0

[Event "*** Titled Tuesday Blitz"]
[Site "Chess.com"]
[Date "2018.07.03"]
[Round "9"]
[White "SergeiAza"]
[Black "OparinGrigoriy"]
[Result "1-0"]
[WhiteElo "2713"]
[BlackElo "2876"]
[TimeControl "180+2"]
[EndTime "14:53:40 PDT"]
[Termination "SergeiAza won by checkmate"]

1. e4 e5 2. Nf3 Nc6 3. Bb5 a6 4.
Ba4 Nf6 5. O-O Be7 6. Re1 b5 7. Bb3 d6 8. c3 O-O 9. h3 Bb7 10.
d4 Re8 11. Nbd2 Bf8 12. a3 h6 13. d5 Nb8 14. Nh2 c6 15. dxc6 Bxc6 16. Ng4 Nbd7 17.
Qf3 Qe7 18. Nf1 Nxg4 19. hxg4 Nc5 20. Ba2 Qb7 21. Ng3 Rad8 22. g5 d5 23. gxh6 dxe4 24. Bxf7+ Kh8 25. hxg7+ Kxg7 26. Bh6+ Kxh6 27. Qh5+ Kg7 28.
Qg6+ Kh8 29. Qg8# 1-0

[Event "*** Titled Tuesday Blitz"]
[Site "Chess.com"]
[Date "2018.07.03"]
[Round "9"]
[White "Genghis_K"]
[Black "dinesh501"]
[Result "1-0"]
[WhiteElo "2707"]
[BlackElo "2245"]
[TimeControl "180+2"]
[EndTime "14:53:45 PDT"]
[Termination "Genghis_K won by resignation"]

1. e4 e6 2. d4 d5 3. exd5 exd5 4. Nf3 Nc6 5. Nc3 h6 6. Bb5 Bb4 7. O-O Ne7 8. Ne2 O-O 9. c3 Bd6 10. Ng3 a6 11. Bd3 Nb8 12. Re1 Nd7 13. Nh5 f5 14. Nf4 Nf6 15. Ne5 c6 16. f3 Re8 17. Bd2 Kh7 18.
Qc2 g6 19. Re2 Bxe5 20. dxe5 Nd7 21. b4 Nf8 22. e6 Qd6 23. Rae1 a5 24. a3 axb4 25.
axb4 b6 26. h4 h5 27. Nh3 1-0

[Event "*** Titled Tuesday Blitz"]
[Site "Chess.com"]
[Date "2018.07.03"]
[Round "9"]
[White "morphy1984"]
[Black "Grebeniuk-S"]
[Result "0-1"]
[WhiteElo "2474"]
[BlackElo "2460"]
[TimeControl "180+2"]
[EndTime "14:53:48 PDT"]
[Termination "Grebeniuk-S won by resignation"]

1. e4 d5 2. exd5 Qxd5 3. Nc3 Qa5 4. d4 Nf6 5. Nf3 Bg4 6. h3 Bh5 7. g4 Bg6 8. Ne5 e6 9. Bg2 Be4 10. Bxe4 Nxe4 11. Qf3 Nd6 12. Nxf7 Nxf7 13. Qxb7 Bb4 14. Qxa8 Bxc3+ 15. Kf1 Qd5 16. Qxd5 exd5 17. bxc3 O-O 18. Kg2 Nc6 19. Re1 Na5 20. Ba3 Rc8 21. Bc5 a6 22.
Rab1 Ng5 23. f3 Kf7 24. Re5 Ne6 25. Rxd5 Nf4+ 26. Kg3 Nxd5 27. Bb4 Nc4 28. Re1 Re8 29.
Rb1 Rb8 30. Re1 Nxb4 31. cxb4 Rxb4 32. Kf4 Rb2 0-1

[Event "*** Titled Tuesday Blitz"]
[Site "Chess.com"]
[Date "2018.07.03"]
[Round "9"]
[White "Irochka83"]
[Black "CarlssonLudvig"]
[Result "1-0"]
[WhiteElo "2270"]
[BlackElo "2138"]
[TimeControl "180+2"]
[EndTime "14:54:00 PDT"]
[Termination "Irochka83 won by resignation"]

1. d4 Nf6 2. c4 e6 3. Nc3 Bb4 4. e3 O-O 5. Bd3 c5 6. Nf3 b6 7. O-O Bb7 8. Na4 cxd4 9. a3 Be7 10. exd4 d5 11. c5 Ba6 12. b4 Bxd3 13. Qxd3 Nfd7 14. Bf4 bxc5 15. dxc5 Bf6 16. Rac1 e5 17. Qxd5 Nxc5 18. Qxa8 Nxa4 19. Bxe5 Bxe5 20. Nxe5 Qe7 21. Nc6 Nxc6 22. Qxc6 Nb2 23. Qc7 Qe2 24. Rc2 Qe5 25. Qxe5 1-0

[Event "*** Titled Tuesday Blitz"]
[Site "Chess.com"]
[Date "2018.07.03"]
[Round "9"]
[White "rekosheten"]
[Black "BillForster"]
[Result "1-0"]
[WhiteElo "2329"]
[BlackElo "1720"]
[TimeControl "180+2"]
[EndTime "14:55:06 PDT"]
[Termination "rekosheten won by resignation"]

1. e4 c5 2. Nf3 a6 3. c3 e6 4. d4 d5 5. e5 Bd7 6. Be3 Qb6 7. Qb3 Qxb3 8. axb3 cxd4 9. Nxd4 Nc6 10. Nxc6 Bxc6 11. Nd2 Be7 12. b4 Rc8 13. Nb3 h5 14.
Na5 Nh6 15. Nxc6 Rxc6 16. b5 Rc8 17. bxa6 bxa6 18. Bxa6 Rb8 19. b4 O-O 20. b5 Nf5 21. Ba7 Rbe8 22. O-O f6 23. f4 fxe5 24. fxe5 Nh4 25.
Bf2 Nf5 26. b6 Nh6 27. Bb5 Rb8 28. Bd7 Rf5 29. Bxe6+ 1-0

[Event "*** Titled Tuesday Blitz"]
[Site "Chess.com"]
[Date "2018.07.03"]
[Round "9"]
[White "Karina_Oparina"]
[Black "SamCopeland"]
[Result "1-0"]
[WhiteElo "2196"]
[BlackElo "1967"]
[TimeControl "180+2"]
[EndTime "14:55:41 PDT"]
[Termination "Karina_Oparina won by resignation"]

1. Nf3 f5 2. d4 Nf6 3. g3 g6 4. Bg2 Bg7 5. O-O O-O 6. c4 d6 7. Nc3 Qe8 8. d5 a5 9. Nd4 Na6 10. b3 Bd7 11. Bb2 Nc5 12. Qc2 c6 13. dxc6 bxc6 14.
Rad1 Rc8 15. e3 Qf7 16. Nde2 g5 17. f4 Ng4 18. Qd2 h6 19. h3 Nf6 20. Nd4 Qg6 21.
Kh2 g4 22. h4 Nfe4 23. Nxe4 fxe4 24. Ba3 Nb7 25. Ne2 Qf6 26. Rb1 Bf5 27. Bb2 Qf7 28. Bxg7 Qxg7 29. Nd4 Nc5 30. Qxa5 e5 31. fxe5 Qxe5 32.
b4 Nd3 33. Qxe5 Nxe5 34. Nxf5 Nf3+ 35. Bxf3 gxf3 36. Ne7+ 1-0

[Event "*** Titled Tuesday Blitz"]
[Site "Chess.com"]
[Date "2018.07.03"]
[Round "9"]
[White "tgpgoat"]
[Black "Godzillator"]
[Result "0-1"]
[WhiteElo "1960"]
[BlackElo "2320"]
[TimeControl "180+2"]
[EndTime "14:55:47 PDT"]
[Termination "Godzillator won by checkmate"]

1. e4 c6 2. d4 d5 3. exd5 cxd5 4. Bd3 Nc6 5. c3 Nf6 6. Nf3 Bg4 7. Bf4 e6 8. Nbd2 Bd6 9. Bxd6 Qxd6 10. Qc2 O-O 11. O-O Rfc8 12. Qb3 Rab8 13. Rfe1 b5 14. Ne5 Bh5 15. Ndf3 Na5 16. Qc2 Nc4 17. Ng5 b4 18. Bxh7+ Kf8 19. Ng6+ fxg6 20. Nxe6+ Kf7 21. Ng5+ Kf8 22.
Ne6+ Kf7 23. Ng5+ Kf8 24. Bxg6 Bxg6 25. Qxg6 Rb7 26. Ne6+ Kg8 27. Nc5 Rf7 28. Re6 Qf8 29.
cxb4 Ne4 30. Nxe4 dxe4 31. Qxe4 Rxf2 32. Re1 Nd2 33. Re8 Rxe8 34. Qd5+ Rf7 35. Rd1 Ne4 36. Rf1 Nf6 37. Qb3 Qe7 38. b5 Qe3+ 39. Qxe3 Rxe3 40. a4 Rd3 41. Rf4 Rd7 42. Rf5 R7xd4 43. Rc5 Rb3 44.
Rc7 Rxb2 45. Rxa7 Rd1# 0-1

[Event "*** Titled Tuesday Blitz"]
[Site "Chess.com"]
[Date "2018.07.03"]
[Round "9"]
[White "Last7Samurai"]
[Black "meoluoi91"]
[Result "1-0"]
[WhiteElo "2614"]
[BlackElo "2514"]
[TimeControl "180+2"]
[EndTime "14:55:50 PDT"]
[Termination "Last7Samurai won by checkmate"]

1. e4 c6 2. Nf3 d5 3. exd5 cxd5 4. Ne5 Nf6 5. d4 e6 6. c3 Nc6 7. Bd3 Nxe5 8. dxe5 Nd7 9. Qe2 Qc7 10. f4 Bc5 11.
Be3 b6 12. Nd2 a5 13. Nf3 Be7 14. Nd4 Nc5 15. Bc2 Ba6 16. Nb5 Qd7 17. a4 O-O 18. O-O g6 19. Kh1 Rfc8 20. Rad1 Qe8 21. Bd4 Bb7 22.
g4 Bc6 23. f5 Bf8 24. Rf3 Nd7 25. Rdf1 Bg7 26. Nd6 Qd8 27. Nxf7 Kxf7 28. fxe6+ Kxe6 29. Rf7 Qh8 30. g5 Nxe5 31. Bxe5 d4+ 32. Kg1 Bxe5 33. R1f6+ Kd5 34. Bb3+ Kc5 35. Qc4# 1-0

[Event "*** Titled Tuesday Blitz"]
[Site "Chess.com"]
[Date "2018.07.03"]
[Round "9"]
[White "Vamostodorecto"]
[Black "abubakrtagelsir"]
[Result "0-1"]
[WhiteElo "2353"]
[BlackElo "2445"]
[TimeControl "180+2"]
[EndTime "14:56:00 PDT"]
[Termination "abubakrtagelsir won on time"]

1. d4 d5 2. c4 c6 3. Nc3 Nf6 4. Nf3 dxc4 5. a4 Bf5 6. Ne5 Nbd7 7. Nxc4 Nb6 8. Ne5 a5 9. g3 e6 10. Bg2 Bb4 11. O-O O-O 12. Bg5 h6 13. Bxf6 Qxf6 14.
e4 Bh7 15. Qe2 Rad8 16. Rad1 Bxc3 17. bxc3 Nxa4 18. Qe3 Qe7 19. Ra1 Nb6 20. Rxa5 f6 21.
d5 Qc7 22. Rb1 Nxd5 23. Qa7 Qxe5 24. Rxb7 f5 25. exd5 exd5 26. Re7 Qxc3 27. Rc5 Qf6 28. Rc7 Ra8 29. Qb7 Rfb8 30. Qxc6 Ra1+ 31. Rc1 Qxc6 32. Rxc6 Rxc1+ 33. Rxc1 Rd8 34. Rc5 d4 35. Bd5+ Kf8 36. f4 d3 37. Bb3 Bg8 38. Bd1 Bd5 39. Kf2 Be4 40. Ke3 Rb8 41. g4 g6 0-1

[Event "*** Titled Tuesday Blitz"]
[Site "Chess.com"]
[Date "2018.07.03"]
[Round "9"]
[White "platy3"]
[Black "Blitzstream"]
[Result "0-1"]
[WhiteElo "2732"]
[BlackElo "2509"]
[TimeControl "180+2"]
[EndTime "14:56:06 PDT"]
[Termination "Blitzstream won by resignation"]

1. e4 e5 2. Nf3 Nf6 3. Nxe5 d5 4. d4 Nxe4 5. Bd3 Nd7 6. Nf3 Bd6 7. O-O Ndf6 8. c4 c6 9. cxd5 cxd5 10. Nc3 Nxc3 11. bxc3 O-O 12. Bg5 Bg4 13. h3 Bh5 14. Re1 Rc8 15.
Qb3 Bxf3 16. gxf3 h6 17. Bd2 Nh5 18. Bf5 Bf4 19. Bxf4 Nxf4 20. Bxc8 Qxc8 21. Qb5 Nxh3+ 22. Kh2 Nf4 23. Qf1 Qxc3 24. Rab1 b6 25. Re3 Qxd4 26. Qg1 f5 27. Rd1 Qf6 28. Qg3 g5 29. Rg1 Qg6 30. Qxf4 Qh5+ 0-1

[Event "*** Titled Tuesday Blitz"]
[Site "Chess.com"]
[Date "2018.07.03"]
[Round "9"]
[White "dreamist"]
[Black "RiskyDecision"]
[Result "1-0"]
[WhiteElo "2606"]
[BlackElo "2519"]
[TimeControl "180+2"]
[EndTime "14:56:06 PDT"]
[Termination "dreamist won by resignation"]

1. g3 d5 2. Nf3 Bg4 3. Bg2 Nd7 4. d4 c6 5. c4 Ngf6 6. Nc3 e6 7. Qb3 Qb6 8. c5 Qxb3 9. axb3 a6 10. b4 Rc8 11.
Bf4 Bxf3 12. Bxf3 Be7 13. Nb1 Bd8 14. Nd2 Bc7 15. Nb3 e5 16. dxe5 Bxe5 17. Na5 Bxb2 18. Rb1 Bc3+ 19. Kf1 Nxc5 20. bxc5 Bxa5 21. Rxb7 O-O 22.
Kg2 Ne4 23. Bxe4 dxe4 24. Ra1 Bc3 25. Rxa6 Bd4 26. Bd6 Ra8 27. Rxc6 Rfe8 28. e3 Be5 29.
Rcc7 Bxd6 30. cxd6 Rf8 31. Re7 Rad8 32. d7 f5 33. g4 Rf7 34. Re8+ Rf8 35. Rxd8 Rxd8 36. gxf5 Kf7 37. Kg3 1-0

[Event "*** Titled Tuesday Blitz"]
[Site "Chess.com"]
[Date "2018.07.03"]
[Round "9"]
[White "PaulfromSPb"]
[Black "GM_dmitrij"]
[Result "0-1"]
[WhiteElo "2527"]
[BlackElo "2802"]
[TimeControl "180+2"]
[EndTime "14:56:09 PDT"]
[Termination "GM_dmitrij won by resignation"]

1. d4 Nf6 2. Bg5 Ne4 3. Bh4 c5 4. f3 g5 5. fxe4 gxh4 6. e3 Qb6 7. Nc3 Bh6 8. Kf2 Nc6 9. Na4 Qc7 10. Nxc5 e5 11.
Nf3 d6 12. Nb3 Bg4 13. c3 f5 14.
Bd3 O-O-O 15. h3 Bh5 16. exf5 d5 17. dxe5 Nxe5 18. Be2 Rhg8 19. Nxh4 Nc4 20. g4 Bxe3+ 21. Kg2 Bg5 22. Qe1 Ne3+ 23. Kg1 Nc2 24. Qf1 Bxh4 25. Rc1 Ne3 26. Qf3 Nxg4 27. hxg4 Bxg4 0-1